 Dungeon Crawl Stone Soup version 0.25-a0-96-g4073cf80fb (webtiles) character file.

Game seed: 2644224288564981430, levelgen mode: deterministic

9348 Arum the Carver (level 11, -1/72 HPs)
             Began as a Tengu Gladiator on Nov 11, 2019.
             Was a High Priest of Okawaru.
             Slain by an ancient zyme (8 damage)
             ... on level 1 of the Abyss.
             The game lasted 00:17:40 (12361 turns).

Arum the Carver (Tengu Gladiator)                  Turns: 12361, Time: 00:17:40

Health: -1/72      AC: 15    Str: 15    XL:     11   Next: 45%
Magic:  12/12      EV: 19    Int:  9    God:    Okawaru [*****.]
Gold:   708        SH:  0    Dex: 18    Spells: 10/10 levels left

rFire    . . .     SeeInvis +   D - +2 falchion (protect)
rCold    . . .     Gourm    .   (no shield)
rNeg     + . .     Faith    .   E - +0 scale mail
rPois    .         Spirit   .   c - +0 hat
rElec    .         Reflect  .   (no cloak)
rCorr    .         Harm     .   C - +0 pair of gloves
MR       .....                  (boots unavailable)
Stlth    ..........             (no amulet)
HPRegen  0.00/turn              A - ring of positive energy
MPRegen  0.13/turn              y - ring of see invisible

@: protection aura, flying quickly and evasively, non-regenerating, diseased,
quick
A: beak, talons 3, able to fly
a: Stop Flying, Heroism, Finesse, Renounce Religion


You were on level 1 of the Abyss.
You worshipped Okawaru.
Okawaru was extremely pleased with you.
You were not hungry.

You visited 1 branch of the dungeon, and saw 10 of its levels.
You visited the Abyss 1 time.

You collected 708 gold pieces.

Inventory:

Hand Weapons
 j - a +4 falchion
 p - a cursed +3 great sword
 D - a +2 falchion of protection (weapon)
 G - the +6 short sword "Death Rattle" {vamp, *Slow rF+ Str+3 Dex+7}
   (You found it on level 8 of the Dungeon)

   It inflicts no extra harm, but heals its wielder when it wounds a living foe.
   It affects your strength (+3).
   It affects your dexterity (+7).
   It protects you from fire.
   It may slow you when you take damage.
 N - a +0 falchion of draining
Missiles
 d - a throwing net (quivered)
 r - 56 poisoned darts
 K - 8 silver javelins
 O - 6 datura-tipped darts
Armour
 c - a +0 hat (worn)
 C - a +0 pair of gloves (worn)
 E - a +0 scale mail (worn)
Jewellery
 q - an uncursed ring of stealth
 y - a ring of see invisible (right hand)
 A - a ring of positive energy (left hand)
 I - an uncursed ring of wizardry
 J - an uncursed amulet of guardian spirit {unknown}
 L - a cursed ring of attention {unknown}
Wands
 B - a wand of acid (10)
Scrolls
 b - 9 scrolls of identify
 g - 7 scrolls of amnesia {unknown}
 i - 2 scrolls of immolation {unknown}
 m - 3 scrolls of magic mapping {unknown}
 n - 10 scrolls of remove curse
 o - 3 scrolls of teleportation {unknown}
 v - a scroll of blinking {unknown}
 x - a scroll of random uselessness {unknown}
 F - a scroll of brand weapon {unknown}
 H - 2 scrolls of enchant armour {unknown}
 M - a scroll of fog {unknown}
 P - a scroll of fear {unknown}
Potions
 a - a potion of brilliance {unknown}
 e - a potion of flight {unknown}
 h - 5 potions of heal wounds {unknown}
 k - a potion of cancellation
 l - a potion of resistance {unknown}
 s - a potion of lignification {unknown}
 t - a potion of mutation {unknown}
 u - 4 potions of curing
 w - 3 potions of degeneration {unknown}
 z - 3 potions of haste {unknown}
Comestibles
 f - 18 rations
 Q - 4 chunks of flesh


   Skills:
 + Level 10.0 Fighting
 + Level 11.1 Long Blades
 + Level 4.4 Throwing
 + Level 5.5 Armour
 - Level 10.0 Dodging


You had 10 spell levels left.
You didn't know any spells.
Your spell library contained the following spells:

 Spells                   Type           Power        Failure   Level  Hunger
 Beastly Appendage        Tmut           #.....       82%         1    ##.....


Dungeon Overview and Level Annotations

Branches:
Dungeon (10/15)            Temple (0/1) D:7            Lair (0/6) D:8
    Orc (0/2) D:10

Altars:
Fedhas
Hepliaklqana
Okawaru
Qazlal
Sif Muna
Uskayaw
Vehumet
Xom
Yredelemnul

Annotations:
D:6 3 runed translucent doors, BAPHOMET's ghost, novice DrEE
D:8 2 transporters, hitsuchi's ghost, novice OpFi
D:9 2 runed translucent doors
D:10 Erolcha


Innate Abilities, Weirdness & Mutations

You have a beak for a mouth.
You have claws for feet.
You can fly continuously.


Message History

You hit the ancient zyme.
Your weapon exudes an aura of protection.
You claw the ancient zyme.
The ancient zyme is moderately damaged.
You hit the ancient zyme but do no damage.
The ancient zyme is moderately damaged.
The ancient zyme hits you!
* * * LOW HITPOINT WARNING * * *
The ancient zyme hits you.
* * * LOW HITPOINT WARNING * * *
You slash the ancient zyme! You claw the ancient zyme.
The ancient zyme is heavily damaged.
The ancient zyme hits you but does no damage.
The ancient zyme misses you.
You hit the ancient zyme.
The ancient zyme is heavily damaged.
The ancient zyme barely misses you. The ancient zyme misses you.
It was a potion of cancellation.
You feel magically purged. The ancient zyme hits you!
You die...

#. #.# . #..
..
#..#####...
#..........
###...∩......
#...... ....
. . .
#.####.#.
......#.@# .
.#. ##x# . ..
.## .# ## .


You could see an ancient zyme.

Vanquished Creatures
  A troll (D:9)
  4 hippogriffs
  12 yaks
  A warg (D:10)
  A porcupine (D:8)
  8 orc warriors
  2 ice beasts (D:5)
  3 sky beasts
  4 black bears
  3 ogres
  2 phantoms (D:5)
  A necrophage (D:6)
  4 centaurs
  2 big kobolds
  10 bullfrogs
  A water moccasin zombie (D:9)
  2 scorpions
  18 killer bees
  9 wights
  2 bullfrog zombies (D:10)
  5 crimson imps
  A quasit (D:10)
  5 orc priests
  3 bullfrog skeletons
  2 centaur skeletons
  8 hounds
  6 jellies
  16 orc wizards
  2 iguanas
  10 worker ants
  2 killer bee zombies
  A hound skeleton (D:8)
  2 worker ant zombies (D:9)
  3 gnolls (D:9)
  9 adders
  A howler monkey skeleton (D:9)
  A shadow imp (D:5)
  2 oozes
  An adder zombie (D:6)
  A worm (D:5)
  2 dart slugs
  5 leopard geckos
  34 orcs
  7 giant cockroaches
  5 goblins
  2 hobgoblins
  8 jackals
  3 quokkas
  2 ball pythons
  6 bats
  4 frilled lizards
  10 kobolds
  21 rats
  A fungus (D:8)
281 creatures vanquished.

Vanquished Creatures (others)
  3 fungi (D:8)
  A plant (D:8)
4 creatures vanquished.

Grand Total: 285 creatures vanquished

Notes
Turn   | Place    | Note
-------+----------+-------------------------------------------
     0 | D:1      | Arum the Tengu Gladiator began the quest for the Orb.
     0 | D:1      | Reached XP level 1. HP: 12/12 MP: 2/2
   179 | D:1      | Reached XP level 2. HP: 13/17 MP: 3/3
   531 | D:1      | Reached XP level 3. HP: 22/22 MP: 4/4
   758 | D:2      | Reached skill level 4 in Long Blades
   758 | D:2      | Reached XP level 4. HP: 22/27 MP: 5/5
  1606 | D:3      | Found a hazy altar of Hepliaklqana.
  1713 | D:3      | Found a faded altar of an unknown god.
  1863 | D:3      | Gained mutation: You can fly continuously. [Tengu growth]
  1863 | D:3      | Reached XP level 5. HP: 32/32 MP: 6/6
  2587 | D:4      | Reached skill level 5 in Long Blades
  2587 | D:4      | Reached XP level 6. HP: 32/38 MP: 7/7
  2678 | D:4      | Reached skill level 5 in Dodging
  2937 | D:4      | Found a stormy altar of Qazlal.
  3241 | D:5      | Entered Level 5 of the Dungeon
  3380 | D:5      | Noticed a phantom
  3401 | D:5      | Killed a phantom
  3405 | D:5      | Reached XP level 7. HP: 7/44 MP: 8/8
  3947 | D:5      | Reached skill level 6 in Long Blades
  4172 | D:5      | Reached skill level 5 in Fighting
  4717 | D:5      | Reached XP level 8. HP: 49/49 MP: 9/9
  5162 | D:5      | Reached skill level 7 in Long Blades
  5551 | D:6      | Found a radiant altar of Vehumet.
  5681 | D:6      | Found a basalt altar of Yredelemnul.
  5942 | D:6      | Found a runed translucent gate.
  5942 | D:6      | Found a runed translucent gate.
  5950 | D:6      | Found a runed translucent gate.
  5951 | D:6      | Noticed BAPHOMET's ghost (novice DrEE)
  6167 | D:6      | Reached XP level 9. HP: 50/56 MP: 10/10
  6169 | D:6      | Found an iron altar of Okawaru.
  6174 | D:6      | Became a worshipper of Warmaster Okawaru
  6254 | D:6      | Reached skill level 8 in Long Blades
  7091 | D:7      | Reached * piety under Okawaru
  7786 | D:7      | Reached skill level 9 in Long Blades
  7988 | D:7      | Found a staircase to the Ecumenical Temple.
  8083 | D:8      | Noticed hitsuchi's ghost (novice OpFi)
  8107 | D:8      | Found a transporter.
  8110 | D:8      | Found a transporter.
  8165 | D:8      | Reached ** piety under Okawaru
  8175 | D:8      | Reached XP level 10. HP: 56/62 MP: 11/11
  8196 | D:8      | Found a staircase to the Lair.
  8690 | D:8      | Reached *** piety under Okawaru
  8711 | D:8      | Got a smoking short sword
  8713 | D:8      | Identified the +6 short sword "Death Rattle" {vamp, *Slow
                  | rF+ Str+3 Dex+7} (You found it on level 8 of the Dungeon)
  8742 | D:8      | Reached skill level 1 in Armour
  8956 | D:8      | Found a hide-covered altar of Uskayaw.
  8974 | D:8      | Reached skill level 10 in Long Blades
  9276 | D:9      | Reached skill level 10 in Dodging
  9528 | D:9      | Found a shimmering altar of Xom.
  9610 | D:9      | Reached **** piety under Okawaru
  9870 | D:9      | Received a gift from Okawaru
 10158 | D:9      | Found a runed translucent door.
 10159 | D:9      | Noticed an ice dragon
 10162 | D:9      | Noticed an ice dragon
 10163 | D:9      | Noticed a fire dragon
 10164 | D:9      | Found the +2 shield of Resistance {rF+ rC+ MR+}
 10164 | D:9      | Noticed a fire dragon
 10180 | D:9      | Found a runed translucent door.
 10402 | D:9      | Found a shimmering blue altar of Sif Muna.
 10539 | D:9      | Identified Sif Muna's Papyrus of Transformation
 10675 | D:10     | Entered Level 10 of the Dungeon
 10782 | D:10     | Reached XP level 11. HP: 21/71 MP: 12/12
 11120 | D:10     | Found a staircase to the Orcish Mines.
 11378 | D:10     | Received a gift from Okawaru
 11528 | D:10     | Found a blossoming altar of Fedhas.
 11647 | D:10     | Reached skill level 5 in Armour
 11652 | D:10     | Reached skill level 11 in Long Blades
 11995 | D:10     | Noticed Erolcha
 12052 | D:10     | Reached ***** piety under Okawaru
 12052 | D:10     | Reached skill level 10 in Fighting
 12337 | D:10     | Cast into level 1 of the Abyss (Erolcha)
 12361 | Abyss:1  | Slain by an ancient zyme

Levels and vault maps discovered:
D:1:      erik_arrival_orb_chamber, layout_basic
D:2:      layout_loops_cross
D:3:      kennysheep_big_flooded_room, layout_basic,
          nicolae_overflow_crystal_walls, first_ration,
          chequers_ecumenical_altar_simple, minmay_fountain_box
D:4:      layout_gridville, kennysheep_mini_moat
D:5:      minmay_razor_zed, layout_basic, grunt_decor_cap, minivault_23,
          minmay_misc_feat_hallway
D:6:      layout_loops_ring, overflow_temple_1_default,
          okawaru_metal_pillars_1_2, overflow_temple_1_default,
          gammafunk_ghost_necromancy
D:7:      layout_cave_pools, temple_statues
D:8:      layout_loops_corners, old_standard_altar, due_lair_maze_entry_diamond,
          gammafunk_ghost_arena
D:9:      layout_loops_cross, led_sif_book, lemuel_round_altar, nrook_uturn,
          grunt_pizzeria, minmay_guarded_unrand_resistance
D:10:     layout_long_grid, erik_orc_3, fedhas_altar_2, uniq_erolcha
Abyss:1:  base:
D:4

Skill      XL: |  1  2  3  4  5  6  7  8  9 10 11 |
---------------+----------------------------------+-----
Long Blades    | 4 5 6 7 9 10 11 | 11.1
Dodging        | 4 5 6 7 9 10 | 10.0
Fighting       | 3 4 5 6 8 9 10 | 10.0
Armour         | 4 5 |  5.5
Throwing       | 3 4 |  4.4

Action                   |  1- 3 |  4- 6 |  7- 9 | 10-12 || total
-------------------------+-------+-------+-------+-------++-------
Melee: Long sword        |    50 |   124 |   250 |       ||   424
       Kick              |    12 |    44 |   140 |   200 ||   396
       Peck              |     8 |    25 |    91 |   114 ||   238
       Falchion          |       |       |    74 |   470 ||   544
       Punch             |       |       |       |     1 ||     1
Throw: Dart              |       |       |     3 |     8 ||    11
       Throwing net      |       |       |       |     2 ||     2
Invok: Heroism           |       |       |       |     1 ||     1
 Abil: Fly               |       |     1 |       |       ||     1
Evoke: Wand              |       |       |     2 |     5 ||     7
  Use: Potion            |       |       |       |     3 ||     3
       Scroll            |       |       |       |     2 ||     2
 Stab: Sleeping          |       |     2 |     5 |       ||     7
       Held in net/web   |       |       |       |     1 ||     1
  Eat: Chunk             |       |     7 |    16 |    13 ||    36
Armor: Leather armour    |     5 |       |       |       ||     5
       Ring mail         |     2 |    35 |    38 |       ||    75
       Scale mail        |       |       |    14 |    96 ||   110
Dodge: Dodged            |    38 |    91 |   281 |   358 ||   768
       Rpst.: Long sword |    16 |    24 |    59 |       ||    99
       Falchion          |       |       |    11 |    95 ||   106

Table legend:
 A = Non-vault XP
 B = Vault XP
 C = Vault XP percentage of total XP
 D = Non-vault monster count
 E = Vault monster count
 F = Vault count percentage of total count
                 A         B        C        D         E       F
            +---------+---------+-------+---------+---------+-------
      Total |   10917 |    2438 |  18.3 |     235 |      45 |  16.1
            +---------+---------+-------+---------+---------+-------
        D:1 |      26 |      12 |  31.6 |      16 |      12 |  42.9
        D:2 |      82 |       0 |   0.0 |      15 |       0 |   0.0
        D:3 |      43 |      15 |  25.9 |      11 |       2 |  15.4
        D:4 |     262 |       0 |   0.0 |      15 |       0 |   0.0
        D:5 |     812 |     508 |  38.5 |      22 |       7 |  24.1
        D:6 |     982 |       0 |   0.0 |      23 |       0 |   0.0
        D:7 |    1292 |       0 |   0.0 |      28 |       0 |   0.0
        D:8 |    1549 |    1069 |  40.8 |      28 |      10 |  26.3
        D:9 |    2480 |     211 |   7.8 |      33 |       3 |   8.3
       D:10 |    3389 |     623 |  15.5 |      44 |      11 |  20.0
            +---------+---------+-------+---------+---------+-------
